 Dungeon Crawl Stone Soup version 0.19-a0-4-ga5c5ac4 (webtiles) character file.

18029 warlockg3 the Blocker (level 12, 0/98 HPs)
             Began as a Minotaur Fighter on Apr 28, 2016.
             Was a High Priest of Trog.
             Succumbed to an orc warlord's poison
             ... on level 2 of the Orcish Mines.
             The game lasted 04:42:08 (12574 turns).

warlockg3 the Blocker (Minotaur Fighter)           Turns: 12574, Time: 04:42:09

Health: 0/98       AC: 23    Str: 27    XL:     12   Next: 24%
Magic:  11/11      EV: 13    Int:  5    God:    Trog [*****.]
Gold:   1416       SH: 17    Dex:  9    Spells: 0 memorised, 11 levels left

rFire  . . .     SeeInvis .     N - +0 morningstar (protect)
rCold  + + .     Gourm    .     H - +5 scale mail
rNeg   . . .     Faith    .     c - +0 shield
rPois  +         Spirit   .     (helmet restricted)
rElec  +         Dismiss  .     A - +1 cloak
rCorr  +         Reflect  +     x - +0 pair of gloves
SustAt +         Harm     .     (no boots)
MR     ++...                    B - +4 amulet of reflection
Stlth  ..........               y - ring of sustain attributes
                                i - ring of ice

@: lethally poisoned (0 -> -18), resistant, very slightly contaminated,
regenerating, very resistant to hostile enchantments, extremely unstealthy
A: retaliatory headbutt, horns 2, rugged brown scales 1, frail 1
a: Berserk, Trog's Hand, Brothers in Arms, Burn Spellbooks, Renounce Religion


You were on level 2 of the Orcish Mines.
You worshipped Trog.
Trog was extremely pleased with you.
You were not hungry.

You visited 2 branches of the dungeon, and saw 13 of its levels.

You collected 1542 gold pieces.
You spent 126 gold pieces at shops.

Inventory:

Hand Weapons
 a - a +1 war axe
 d - a +0 flail of protection
 G - a +0 mace of crushing
 K - a +1 flail
 L - a +6 flail of freezing
 M - a +0 battleaxe
 N - a +0 morningstar of protection (weapon)
 Q - a cursed +2 halberd of freezing
Armour
 c - a +0 shield (worn)
 g - a +0 ring mail of fire resistance
 o - a +0 leather armour
 u - the cursed +0 buckler of the Depths {rN+ Regen+ Str-4}
   (You found it on level 6 of the Dungeon)

   It affects your strength (-4).
   It protects you from negative energy.
   It increases your rate of regeneration.
   It has a curse placed upon it.
 w - a fire dragon hide
 x - a +0 pair of gloves (worn)
 z - a +0 robe of magic resistance
 A - a +1 cloak (worn)
 H - a +5 scale mail (worn)
Jewellery
 i - a ring of ice (left hand)
 y - a ring of sustain attributes (right hand)
 B - a +4 amulet of reflection (around neck)
Wands
 p - a wand of iceblast (8/15)
 E - a wand of digging (9/24)
 F - a wand of slowing (24/48)
 U - a wand of lightning (8/15)
Scrolls
 e - 7 scrolls of identify
 j - 2 scrolls of amnesia
 k - 12 scrolls of remove curse
 m - 5 scrolls of teleportation
 q - 2 scrolls of fear
 r - 2 scrolls of fog
Potions
 n - 2 potions of flight
 s - a potion of magic
 P - a potion of brilliance
 T - a potion of agility
Comestibles
 b - 5 chunks of flesh
 f - 3 bread rations
 h - a royal jelly
 l - 5 beef jerkies
 t - 9 meat rations
 O - 4 fruits
 S - a slice of pizza


   Skills:
 + Level 9.9 Fighting
 + Level 9.3(11.1) Axes
 * Level 10.1(11.5) Maces & Flails
 + Level 10.0 Armour
 + Level 9.1 Dodging
 + Level 1.3 Stealth
 + Level 12.0 Shields


You had 11 spell levels left.
You didn't know any spells.

Dungeon Overview and Level Annotations

Branches:
Dungeon (11/15)            Temple (0/1) D:5            Lair (0/8) D:11
    Orc (2/2) D:11            Elf (0/3) Orc:2

Altars:
Gozag
Makhleb
Okawaru
Trog
Xom
Yredelemnul
Beogh

Shops:
D:5 }[(   D:8 [   D:11 =(}(:   Orc:2 *?


Innate Abilities, Weirdness & Mutations

You reflexively headbutt those who attack you in melee.
You have a pair of horns on your head.
You are partially covered in rugged brown scales (AC +1, +3% HP).
You are frail (-10% HP).


Message History

* * * LOW HITPOINT WARNING * * *
You feel very sick.
The orc warlord roars a battlecry!
The orc warrior goes into a battle-frenzy!
Items here: )) [[ † a battleaxe; a chain mail; an enchanted long sword; a plate armour an orc corpse
* * * LOW HITPOINT WARNING * * *
You feel very sick.
* * * LOW HITPOINT WARNING * * *
You feel very sick.
The orc warlord roars a battlecry!
Okay, then.
Drink which item? (? for menu, Esc to quit)
You feel protected.
* * * LOW HITPOINT WARNING * * *
You feel very sick. You block the orc warrior's attack.
The orc warrior closely misses you.
An orc priest comes into view. It is wielding a trident.
You die...

#.#))#.##.## ##..#
#.#).#.##)# #...
#.#..#.##.# #..#
#.#8_#.##.# #.##
#.####.##.# #.#.
#.......#.# #oo.#. #...
#####.....# o...' #...
##.......# #o..# #...
##.......@# ##...## #...
#.........## #8o(.8# ##...
##.##.##.oo###.....###....
########.oo)##)o'##......
#....o3o(.)........
##.###))8)8........
##.#.##).).........
#.....#............
####..................


You could see an orc warlord and 4 orc warriors.

Vanquished Creatures
  An orc warlord (Orc:2)
  Snorg (D:11)
  The ghost of Duffy the Grappler, a novice TrFi of Cheibriados (D:11)
  The ghost of feelmyfire the Protected, a novice MiFi (D:6)
  An unseen horror (D:10)
  2 orc knights (Orc:2)
  An ugly thing (D:11)
  A cyclops (D:11)
  An orc sorcerer (Orc:2)
  A guardian serpent (D:10)
  A spiny frog (D:11)
  A komodo dragon (D:11)
  2 blink frogs (D:11)
  A troll (D:10)
  A spriggan (D:7)
  The ghost of Mefis the Magician, an amateur DEWz of Sif Muna (D:7)
  A water elemental (Orc:2)
  A wraith (D:10)
  A basilisk (D:11)
  A hungry ghost (D:11)
  4 hippogriffs
  3 wargs (Orc:2)
  3 ice beasts
  25 orc warriors
  4 necrophages
  4 sky beasts
  A phantom (D:10)
  14 ogres
  4 centaurs
  3 big kobolds
  5 giant frogs
  7 scorpions
  A water moccasin skeleton (D:8)
  6 killer bees (D:9)
  4 wights (D:8)
  An electric eel (D:7)
  5 howler monkeys
  A wasp zombie (D:11)
  A giant frog zombie (D:8)
  3 crimson imps
  3 jellies
  23 orc wizards
  3 giant frog skeletons
  6 hounds
  16 orc priests
  Terence (D:3)
  4 iguanas
  3 worker ants
  A killer bee zombie (D:3)
  2 sheep (D:11)
  2 hound zombies
  3 hound skeletons
  Robin (D:2)
  13 adders
  15 gnolls
  3 adder zombies
  3 adder skeletons
  5 worms
  2 dart slugs (D:2)
  5 giant geckos
  87 orcs
  2 ball pythons
  5 giant cockroaches
  18 goblins
  6 hobgoblins
  5 jackals
  8 quokkas
  4 bats
  A giant gecko zombie (D:8)
  4 giant newts
  A jackal skeleton (D:4)
  21 kobolds
  2 rats
  A spectral orc (D:5)
400 creatures vanquished.

Vanquished Creatures (others)
  3 centaurs
  An orc (D:7)
  A jackal (D:9)
  2 withered plants (D:8)
7 creatures vanquished.

Grand Total: 407 creatures vanquished

Notes
Turn   | Place    | Note
--------------------------------------------------------------
     0 | D:1      | warlockg3 the Minotaur Fighter began the quest for the Orb.
     0 | D:1      | Reached XP level 1. HP: 19/19 MP: 0/0
   350 | D:1      | Reached XP level 2. HP: 27/27 MP: 1/1
   848 | D:2      | Noticed Robin
   854 | D:2      | Reached XP level 3. HP: 32/33 MP: 2/2
   863 | D:2      | Killed Robin
   871 | D:2      | Reached XP level 4. HP: 24/41 MP: 3/3
   875 | D:2      | Reached skill level 4 in Shields
  1525 | D:2      | Reached skill level 1 in Dodging
  1527 | D:2      | Reached XP level 5. HP: 41/47 MP: 4/4
  1580 | D:2      | Reached skill level 5 in Fighting
  1817 | D:3      | Found a bloodstained altar of Trog.
  1852 | D:3      | Became a worshipper of Trog the Wrathful
  1870 | D:3      | Noticed Terence
  1878 | D:3      | Killed Terence
  1878 | D:3      | Reached XP level 6. HP: 56/56 MP: 5/5
  2191 | D:3      | Noticed a sky beast
  2201 | D:3      | Killed a sky beast
  2201 | D:3      | Reached skill level 5 in Armour
  2207 | D:3      | Gained mutation: You are weak. (Str -2) [mutagenic meat]
  2208 | D:3      | Gained mutation: You are robust (+10% HP). [mutagenic meat]
  2209 | D:3      | Gained mutation: Your flesh is heat resistant. [mutagenic meat]
  2211 | D:3      | Lost mutation: You are robust (+10% HP). [mutagenic meat]
  2222 | D:3      | Reached skill level 5 in Shields
  2227 | D:3      | Reached skill level 5 in Axes
  2552 | D:3      | Found an opulent altar of Gozag.
  2759 | D:4      | Reached XP level 7. HP: 61/61 MP: 6/6
  2886 | D:4      | Reached * piety under Trog
  3242 | D:5      | Entered Level 5 of the Dungeon
  3269 | D:5      | Found a staircase to the Ecumenical Temple.
  3353 | D:5      | Found Nunek's Gadget Shoppe.
  3458 | D:5      | Found a bloodstained altar of Trog.
  3862 | D:5      | Gained mutation: You are partially covered in rugged brown scales (AC +1, +3% HP). [potion of mutation]
  3862 | D:5      | Gained mutation: You are dopey. (Int -2) [potion of mutation]
  3862 | D:5      | Gained mutation: Armour fits poorly on your strangely shaped body. [potion of mutation]
  3885 | D:5      | Found Ytzegesu's Weapon Shoppe.
  3931 | D:5      | Found Ogatef's Armour Shoppe.
  4064 | D:5      | Found a basalt altar of Yredelemnul.
  4137 | D:6      | Reached skill level 6 in Shields
  4137 | D:6      | Reached XP level 8. HP: 20/72 MP: 7/7
  4395 | D:6      | Noticed feelmyfire's ghost (novice MiFi)
  4423 | D:6      | Killed feelmyfire's ghost
  4519 | D:6      | Reached skill level 5 in Dodging
  4666 | D:6      | Reached skill level 7 in Shields
  4666 | D:6      | Reached XP level 9. HP: 70/80 MP: 8/8
  4821 | D:6      | Got an encrusted buckler
  4822 | D:6      | Identified the cursed +0 buckler of the Depths {rN+ Regen+ Str-4} (You found it on level 6 of the Dungeon)
  4973 | D:7      | Reached ** piety under Trog
  5188 | D:7      | Noticed Mefis's ghost (amateur DEWz)
  5256 | D:7      | Killed Mefis's ghost
  5615 | D:7      | Found an iron altar of Okawaru.
  5935 | D:7      | Reached *** piety under Trog
  6332 | D:8      | Reached skill level 1 in Stealth
  6341 | D:8      | Reached skill level 8 in Shields
  6461 | D:8      | Found a shimmering altar of Xom.
  6472 | D:8      | Found a shimmering altar of Xom.
  6473 | D:8      | Found a shimmering altar of Xom.
  6473 | D:8      | Found a shimmering altar of Xom.
  6518 | D:8      | Found a shimmering altar of Xom.
  6545 | D:8      | Found Kaulais's Antique Armour Emporium.
  6571 | D:8      | Reached XP level 10. HP: 67/89 MP: 9/9
  6928 | D:8      | Reached skill level 1 in Maces & Flails
  7262 | D:9      | Reached skill level 9 in Shields
  7269 | D:9      | Reached **** piety under Trog
  7578 | D:9      | Gained mutation: You are covered in fur (AC +1). [mutagenic meat]
  7579 | D:9      | Gained mutation: Your body sometimes deteriorates upon taking damage. [mutagenic meat]
  7627 | D:9      | Found a burning altar of Makhleb.
  7794 | D:9      | Lost mutation: You are weak. (Str -2) [mutagenic meat]
  7796 | D:9      | Gained mutation: You are frail (-10% HP). [mutagenic meat]
  7797 | D:9      | Gained mutation: Your flesh is cold resistant. [mutagenic meat]
  8061 | D:10     | Entered Level 10 of the Dungeon
  8081 | D:10     | Reached skill level 10 in Shields
  8142 | D:10     | Reached skill level 5 in Maces & Flails
  9079 | D:10     | Noticed a guardian serpent
  9086 | D:10     | Killed a guardian serpent
  9319 | D:10     | Killed an unseen horror
  9319 | D:10     | Reached XP level 11. HP: 48/88 MP: 10/10
  9488 | D:10     | Found an opulent altar of Gozag.
  9750 | D:11     | Found Feudghiodo's Weapon Emporium.
  9799 | D:11     | Found Rekikhlu's Jewellery Boutique.
  9823 | D:11     | Found Felemo's Gadget Boutique.
  9882 | D:11     | Noticed a purple ugly thing
  9891 | D:11     | Killed a purple ugly thing
  9900 | D:11     | Gained mutation: You are somewhat resistant to further mutation. [mutagenic meat]
  9911 | D:11     | Found Beaf Doc's Book Emporium.
  9965 | D:11     | Found Xiyrgh's Antique Weapon Emporium.
 10094 | D:11     | Found a staircase to the Orcish Mines.
 10095 | D:11     | Noticed Snorg
 10104 | D:11     | Killed Snorg
 10116 | D:11     | Found a staircase to the Lair.
 10119 | D:11     | Noticed Duffy's ghost (novice TrFi)
 10136 | D:11     | Killed Duffy's ghost
 10144 | D:11     | Reached ***** piety under Trog
 10423 | D:11     | Upgraded the game from 0.19-a0 to 0.19-a0-4-ga5c5ac4
 10457 | Orc:1    | Entered Level 1 of the Orcish Mines
 10473 | Orc:1    | Reached skill level 11 in Shields
 10967 | Orc:2    | Entered Level 2 of the Orcish Mines
 11018 | Orc:2    | Found a roughly hewn altar of Beogh.
 11254 | Orc:2    | Noticed an orc warlord
 11278 | Orc:2    | Killed an orc warlord
 11679 | Orc:2    | Found a staircase to the Elven Halls.
 11702 | Orc:2    | Found a roughly hewn altar of Beogh.
 11789 | Orc:2    | Lost mutation: You are covered in fur (AC +1). [potion of cure mutation]
 11789 | Orc:2    | Lost mutation: You are somewhat resistant to further mutation. [potion of cure mutation]
 11789 | Orc:2    | Lost mutation: You are dopey. (Int -2) [potion of cure mutation]
 11789 | Orc:2    | Lost mutation: Your body sometimes deteriorates upon taking damage. [potion of cure mutation]
 11789 | Orc:2    | Lost mutation: Your flesh is cold resistant. [potion of cure mutation]
 11789 | Orc:2    | Lost mutation: Armour fits poorly on your strangely shaped body. [potion of cure mutation]
 11789 | Orc:2    | Lost mutation: Your flesh is heat resistant. [potion of cure mutation]
 11797 | Orc:2    | Found a roughly hewn altar of Beogh.
 11953 | Orc:2    | Found Guyjinn's Magic Scroll Emporium.
 12083 | Orc:2    | Found a roughly hewn altar of Beogh.
 12085 | Orc:2    | Reached XP level 12. HP: 97/97 MP: 11/11
 12096 | Orc:2    | Found Kimmipo's Assorted Antiques.
 12113 | Orc:2    | Bought an embroidered cloak for 126 gold pieces
 12252 | Orc:2    | Reached skill level 10 in Armour
 12277 | Orc:2    | Found a roughly hewn altar of Beogh.
 12325 | Orc:2    | Received a gift from Trog
 12492 | Orc:2    | Paralysed by an orc sorcerer for 2 turns
 12496 | Orc:2    | Reached skill level 10 in Maces & Flails
 12496 | Orc:2    | Reached skill level 12 in Shields
 12546 | Orc:2    | Noticed an orc warlord
 12564 | Orc:2    | Noticed an orc high priest
 12573 | Orc:2    | HP: 3/98 [poisoned by an orc warlord]
 12574 | Orc:2    | Succumbed to an orc warlord's poison

Vault maps used:
D:1:      moated_graveyard_arrival, minmay_vboxes
D:2:      roderic_serpentine_path, uniq_robin
D:3:      bloody_trog, first_bread, grunt_gozag_breadcrumbs, uniq_terence
D:5:      yredelemnul_forgotten_temple_becter,
          minmay_temple_entry_statues_pillars, basic_altar, serial_shops,
          nicolae_shop_behind_doors, shop, shop
D:6:      nrook_pool_corridor
D:7:      statuecave_lemuel, the_bakery, okawaru_trees_2
D:8:      serial_shops, shop, serial_undead, serial_undead_b, serial_undead_c,
          serial_undead_b, serial_undead_f, st_stairs_9,
          hangedman_abyss_or_decor_clamps, xom_redecorated
D:9:      makhleb_blood_cavern_becter
D:10:     basic_altar, roderic_nine_men_s_morris,
          nrook_guardian_serpent_ordinary
D:11:     dpeg_lair_monsters, orc_0_dummy, serial_shops, nicolae_shop_stone,
          shop, kennysheep_little_box, nicolae_shop_trees, shop, uniq_snorg
Orc:2:    grunt_orc_community_town_hall, grunt_orc_community_big_house_2,
          grunt_orc_community_big_house_2, grunt_orc_community_house_1,
          grunt_orc_community_house_1, grunt_orc_community_house_3,
          grunt_orc_community_house_3, grunt_orc_community_house_2, basic_altar

Skill      XL: |  1  2  3  4  5  6  7  8  9 10 11 12 |
---------------+-------------------------------------+-----
Fighting       | 4 5 6 8 9 |  9.9
Armour         | 4 5 6 7 8 9 10 | 10.0
Axes           | 3 4 5 7 9 |  9.3
Shields        | 4 5 6 7 8 10 11 12 | 12.0
Dodging        | 1 2 4 5 6 7 9 |  9.1
Stealth        | 1 |  1.3
Maces & Flails | 5 9 10 | 10.1

Action                   |  1- 3 |  4- 6 |  7- 9 | 10-12 || total
-------------------------+-------+-------+-------+-------++-------
Melee: War axe           |    51 |   144 |   354 |       ||   549
       Headbutt          |     4 |    19 |    63 |   125 ||   211
       Flail             |       |       |     7 |   574 ||   581
       Morningstar       |       |       |       |    91 ||    91
Invok: Berserk           |       |       |     4 |     5 ||     9
       Trog's Hand       |       |       |       |     3 ||     3
  Use: Scroll            |       |     2 |     8 |    11 ||    21
       Potion            |       |       |     9 |    11 ||    20
  Eat: Chunk             |       |     6 |     4 |    26 ||    36
       Bread ration      |       |     1 |     4 |     2 ||     7
Armor: Scale mail        |    17 |    54 |    93 |   250 ||   414
Dodge: Dodged            |    19 |    46 |   105 |   212 ||   382
Block: Shield            |    19 |    71 |   187 |   604 ||   881
       Reflection        |       |       |     1 |    30 ||    31
